 Dungeon Crawl Stone Soup version 0.30.1-3-gfc49f6343a (webtiles) character file.

Game seed: 8854431841063932460

338 cdecastro the Cudgeller (level 6, -3/51 HPs)
             Began as an Armataur Warper on July 25, 2023.
             Was a Follower of Okawaru.
             Slain by an ogre
             ... wielding a +0 giant club
              (26 damage)
             ... on level 4 of the Dungeon on July 26, 2023.
             The game lasted 00:09:12 (3583 turns).

cdecastro the Cudgeller (Armataur Warper)           Turns: 3583, Time: 00:09:12

Health: -3/51      AC:  9    Str: 25    XL:     6   Next: 29%
Magic:  8/8        EV:  9    Int: 13    God:    Okawaru [*.....]
Gold:   164        SH:  0    Dex:  9    Spells: 8/8 levels left

rFire   + . .        a - +0 mace
rCold   . . .        (no shield)
rNeg    . . .        n - +4 ring mail
rPois   .            (no helmet)
rElec   .            (no cloak)
rCorr   .            (no gloves)
SInv    .            (no barding)
Will    .....        (no amulet) Stlth
                     o - +6 ring of strength
HPRegen 0.28/turn    s - ring of protection from fire
MPRegen 0.11/turn

%: roll
@: no status effects
A: large, rugged brown scales 3, deformed body, armoured tail, roll, long
tongue, awkward tongue
a: Renounce Religion, Heroism


You were on level 4 of the Dungeon.
You worshipped Okawaru.
Okawaru was aware of your devotion.
You visited 2 branches of the dungeon, and saw 5 of its levels.

You collected 164 gold pieces.

Inventory:

Hand Weapons
 a - a +0 mace (weapon)
Missiles
 d - 7 boomerangs of dispersal
 p - a throwing net
 t - 8 poisoned darts (quivered)
Armour
 n - a +4 ring mail (worn)
Jewellery
 o - a +6 ring of strength (left hand)
 s - a ring of protection from fire (right hand)
Scrolls
 b - a scroll of amnesia {unknown}
 c - 3 scrolls of blinking
 e - a scroll of fog {unknown}
 i - 2 scrolls of immolation {unknown}
 j - 2 scrolls of identify {unknown}
 l - 2 scrolls of poison {unknown}
 r - a scroll of silence {unknown}
Potions
 f - a potion of brilliance {unknown}
 g - a potion of mutation {unknown}
 h - 2 potions of curing
 k - 3 potions of heal wounds {unknown}
 m - a potion of lignification {unknown}
 q - a potion of magic {unknown}
 u - a potion of invisibility {unknown}


   Skills:
 - Level 1.7 Fighting
 + Level 6.1 Maces & Flails
 - Level 0.8 Throwing
 - Level 1.2 Armour
 - Level 1.3 Dodging
 - Level 1.7 Spellcasting
 - Level 3.0 Translocations


You had 8 spell levels left.
You didn't know any spells.
Your spell library contained the following spells:

 Spells                   Type           Power      Damage    Failure   Level
 Blink                    Tloc           16%        N/A       17%         2
 Lesser Beckoning         Tloc           16%        N/A       17%         2
 Gell's Gravitas          Tloc           8%         N/A       34%         3
 Teleport Other           Tloc           8%         N/A       34%         3
 Kiss of Death            Conj/Necr      4%         2d5       36%         1
 Sting                    Tmut/Pois      4%         1d3       36%         1
 Ensorcelled Hibernation  Hex/Ice        2%         N/A       52%         2
 Passwall                 Tmut/Erth      0%         N/A       52%         2
 Poisonous Vapours        Pois/Air       2%         N/A       52%         2
 Vhi's Electric Charge    Tloc/Air       10%        N/A       54%         3
 Confusing Touch          Hex            1%         N/A       75%         3
 Inner Flame              Hex/Fire       1%         N/A       75%         3
 Swiftness                Air            1%         N/A       75%         3
 Manifold Assault         Tloc           8%         N/A       75%         4
 Dispel Undead            Necr           1%         3d6       98%         4
 Olgreb's Toxic Radiance  Pois           1%         N/A       98%         4
 Yara's Violent Unravell  Hex/Tmut       0%         3d3       100%        5
 Enfeeble                 Hex            0%         N/A       100%        7


Dungeon Overview and Level Annotations

Branches:
Dungeon (4/15)             Temple (1/1) D:4

Altars:
Ashenzari
Dithmenos
Fedhas
Hepliaklqana
Kikubaaqudgha
Makhleb
Nemelex Xobeh
Okawaru
Qazlal
Trog
Vehumet
Wu Jian
Xom
Zin
The Shining One


Innate Abilities, Weirdness & Mutations

You are completely covered in rugged brown scales. (AC +3, +7% HP)
Armour fits poorly on your strangely shaped body.
You have a long armoured tail.
You roll when moving toward enemies. (Rampage)
Your long tongue fully drains potion bottles. (2x potion effects)
Your tongue gives you trouble enunciating. (1.5x scroll delay)


Message History

The hound bites you but does no damage. x2
You closely miss the hound.
The hound is severely wounded.
The hound bites you.
You hit the hound but do no damage.
The hound is severely wounded.
The hound barely misses you. The hound bites you but does no damage.
You sock the hound!
You kill the hound!
Okawaru accepts your kill.
There is a stone staircase leading down here.
You see here a +0 war axe.
As you open the door, it creaks loudly!
(D) Dungeon (T) Temple
Where to? (Enter - D:3 @ (x,y), ? - help)
There is an open door here.
HP restored.
You see here a +0 dagger.
There is a stone staircase leading down here.
You climb downwards.
The ogre shouts!
Found an encrusted granite ring, 18 gold pieces and a war axe.
There is a stone staircase leading up here.
Unknown command.
You barely miss the ogre. The ogre closely misses you.
You thump the ogre! You tail-slap the ogre.
The ogre is heavily wounded.
A giant cockroach comes into view.
You hit the ogre but do no damage.
The ogre is heavily wounded.
The ogre hits you with a +0 giant club.
You barely miss the ogre.
The ogre is heavily wounded.
The ogre hits you with a +0 giant club!!
* * * LOW HITPOINT WARNING * * *
You hit the ogre.
The ogre is heavily wounded.
The ogre hits you with a +0 giant club!!
Ouch! That really hurt!
You die...

#..........
..........
.....)....
#.........
##..B......
#..........
#.........=
#..@O......
#.......##8
#..!....#
##......#
##.....#
##.##.#
#.##.#
#.##.#
#..#.#


You could see an ogre and a giant cockroach.

Vanquished Creatures
  A sky beast (D:3)
  A scorpion (D:3)
  2 hounds (D:3)
  4 adders
  2 worms
  4 dart slugs
  3 orcs
  6 bats
  7 endoplasms
  5 giant cockroaches
  3 goblins
  5 hobgoblins
  10 jackals
  5 kobolds
  2 quokkas
  4 ball pythons
  3 frilled lizards
  8 rats
75 creatures vanquished.

Notes
Turn   | Place    | Note
-------+----------+-------------------------------------------
     0 | D:1      | cdecastro the Armataur Warper began the quest for the Orb.
     0 | D:1      | Reached XP level 1. HP: 18/18 MP: 3/3
    48 | D:1      | Reached skill level 2 in Maces & Flails
   170 | D:1      | Reached XP level 2. HP: 25/25 MP: 4/4
   569 | D:1      | Reached skill level 3 in Maces & Flails
   710 | D:1      | Reached XP level 3. HP: 31/31 MP: 5/5
  1521 | D:2      | You fall into a shaft and drop 2 floors!
  1544 | D:4      | Found a staircase to the Ecumenical Temple.
  1553 | Temple   | Entered the Ecumenical Temple
  1713 | Temple   | Became a worshipper of Warmaster Okawaru
  1746 | Temple   | Reached XP level 4. HP: 31/38 MP: 6/6
  1748 | Temple   | Reached skill level 4 in Maces & Flails
  1837 | D:4      | Identified the +3 pair of boots of Tocred {Rampage rPois}
  1897 | D:3      | Noticed a sky beast
  1897 | D:3      | Found an ancient bone altar of Kikubaaqudgha.
  1897 | D:3      | Found a stormy altar of Qazlal.
  1982 | D:4      | Noticed a scorpion
  1984 | D:4      | Noticed a black bear
  2270 | D:3      | Found a sparkling altar of Nemelex Xobeh.
  2765 | D:3      | Noticed a scorpion
  2784 | D:3      | Killed a scorpion
  2785 | D:3      | Reached skill level 5 in Maces & Flails
  2785 | D:3      | Reached XP level 5. HP: 21/43 MP: 7/7
  2893 | D:3      | Found a faded altar of an unknown god.
  3292 | D:3      | Killed a sky beast
  3292 | D:3      | Reached * piety under Okawaru
  3293 | D:3      | Reached skill level 6 in Maces & Flails
  3293 | D:3      | Reached XP level 6. HP: 18/51 MP: 8/8
  3583 | D:4      | Slain by an ogre

Illustrated notes

Levels and vault maps discovered:
D:1:      ncdulo_halloftheorcs, layout_basic, minmay_tripent
D:2:      layout_basic, kennysheep_cross_room, minmay_tetromino_t2
D:3:      layout_basic, mainiacjoe_overflow_catwalk,
          nemelex_diamond_rough_becter, nicolae_qazlal_beasts_of_the_sky,
          hellmonk_ecumenical_altar_dog_temple
D:4:      layout_rooms, minitemple, minmay_temple_entry_junction,
          feat_on_display
Temple:   hellmonk_temple_flake

Skill      XL: |  1  2  3  4  5 |
---------------+----------------+-----
Maces & Flails | 2 3 5 6 |  6.1
Fighting       | |  1.7
Throwing       | |  0.8
Armour         | |  1.2
Dodging        | |  1.3
Spellcasting   | |  1.7
Translocations | |  3.0

Action                     |  1- 3 |  4- 6 || total
---------------------------+-------+-------++-------
  Melee: Mace              |   121 |   155 ||   276
         Tailslap          |    10 |    10 ||    20
  Throw: Dart              |       |     5 ||     5
    Use: Potion            |     3 |     2 ||     5
 Armour: Leather armour    |    27 |       ||    27
         Ring mail         |    27 |   105 ||   132
  Dodge: Dodged            |    73 |    58 ||   131
